 Dungeon Crawl Stone Soup version 0.19-a0-1888-g6ba2374 (webtiles) character file.

519 Naow the Shield-Bearer (level 7, -6/52 HPs)
             Began as a Formicid Fighter on Oct 17, 2016.
             Was an Initiate of Okawaru.
             Killed by divine providence
             ... invoked by an orc priest
              (15 damage)
             ... on level 4 of the Dungeon.
             The game lasted 00:03:54 (2621 turns).

Naow the Shield-Bearer (Formicid Fighter)           Turns: 2621, Time: 00:03:55

Health: -6/52      AC:  9    Str: 22    XL:     7   Next: 45%
Magic:  7/7        EV:  9    Int:  8    God:    Okawaru [......]
Gold:   192        SH: 10    Dex: 10    Spells: 0 memorised, 6 levels left

rFire  . . .     SeeInvis +     s - -1 war axe (curse)
rCold  . . .     Gourm    .     b - +0 scale mail
rNeg   + . .     Faith    .     c - +0 shield
rPois  .         Spirit   .     (helmet unavailable)
rElec  .         Dismiss  .     (no cloak)
rCorr  .         Reflect  .     (no gloves)
MR     .....     Harm     .     x - +1 pair of boots
Stlth  ..........               (no amulet)
                                (no ring)
                                p - ring of positive energy

@: no status effects
A: permanent stasis, dig shafts and tunnels, four strong arms, antennae 3
a: Dig, Shaft Self, Renounce Religion


You were on level 4 of the Dungeon.
You worshipped Okawaru.
Okawaru was noncommittal.
You were not hungry.

You visited 1 branch of the dungeon, and saw 4 of its levels.

You collected 192 gold pieces.

Inventory:

Hand Weapons
 a - a +0 war axe
 s - a cursed -1 war axe (weapon)
Armour
 b - a +0 scale mail (worn)
 c - a +0 shield (worn)
 i - a +0 pair of boots
 x - a +1 pair of boots (worn)
Jewellery
 p - a ring of positive energy (left hand)
Wands
 g - a wand of disintegration (8/24)
Scrolls
 e - 2 scrolls of blinking {unknown}
 k - 2 scrolls of enchant weapon {unknown}
 l - a scroll of identify {unknown}
 m - a scroll of remove curse {unknown}
 v - a scroll of immolation {unknown}
 y - a scroll of noise {unknown}
Potions
 h - a potion of degeneration {unknown}
 j - 2 potions of brilliance {unknown}
 o - a potion of invisibility {unknown}
 q - a potion of cancellation {unknown}
 t - 3 potions of heal wounds {unknown}
 z - a potion of resistance {unknown}
Comestibles
 d - 2 chunks of flesh
 f - 4 bread rations
 n - a royal jelly
 r - 2 beef jerkies
 u - a slice of pizza
 w - a fruit


   Skills:
 + Level 3.6 Fighting
 + Level 4.7 Axes
 + Level 5.0 Armour
 + Level 1.8 Dodging
 + Level 1.0 Stealth
 + Level 5.8 Shields


You had 6 spell levels left.
You didn't know any spells.

Dungeon Overview and Level Annotations

Branches:
Dungeon (4/15)
 Temple: D:4-7

Altars:
Cheibriados
Dithmenos
Okawaru
Trog


Innate Abilities, Weirdness & Mutations

You are under a permanent stasis effect.
You can dig through walls and to a lower floor.
Your four strong arms can wield two-handed weapons with a shield.
You have a pair of large antennae on your head. (SInv)


Message History

The orc priest invokes the aid of Beogh against you.
Beogh smites you! The orc hits you with a whip.
The orc priest hits you but does no damage.
The orc priest mumbles some strange prayers to Beogh against you.
Beogh smites you!
* * * LOW HITPOINT WARNING * * *
You are too injured to fight recklessly!
Unknown command.
You are too injured to fight recklessly!
You are too injured to fight recklessly!
Your shield and scale mail prevent you from hitting the orc priest.
You slash the orc!
You kill the orc!
Okawaru accepts your kill.
You slash the orc priest!
You kill the orc priest!
Okawaru accepts your kill.
The orc priest calls down the wrath of Beogh upon you.
Beogh smites you!
You die...

#
#.#####.#####.#
#.......# #
#.#####.# #.#
#.#####.##
#....<....
#.#####.#####.##
#.............#
#...#..@.#######
. ##)o)..#
#..##.# ..## .#
... . .... .
..... .. ..._..


You could see an orc priest.

Vanquished Creatures
  Sigmund (D:3)
  An orc warrior (D:3)
  2 orc priests (D:4)
  An orc wizard (D:3)
  A worker ant (D:3)
  7 adders
  2 oozes
  2 dart slugs
  5 leopard geckos
  6 orcs
  A ball python (D:1)
  9 bats
  3 giant cockroaches
  7 goblins
  8 hobgoblins
  5 jackals
  4 kobolds
  2 quokkas
  4 frilled lizards (D:1)
  6 rats
77 creatures vanquished.

Notes
Turn   | Place    | Note
-------+----------+-------------------------------------------
     0 | D:1      | Naow the Formicid Fighter began the quest for the Orb.
     0 | D:1      | Reached XP level 1. HP: 18/18 MP: 1/1
   266 | D:1      | Reached XP level 2. HP: 24/24 MP: 2/2
   455 | D:1      | Reached XP level 3. HP: 26/29 MP: 3/3
   860 | D:2      | Reached XP level 4. HP: 34/35 MP: 4/4
   878 | D:2      | Found a snail-covered altar of Cheibriados.
   970 | D:2      | Found a bloodstained altar of Trog.
  1324 | D:3      | Reached XP level 5. HP: 30/41 MP: 5/5
  1947 | D:3      | Noticed Sigmund
  1957 | D:3      | Reached skill level 5 in Shields
  1965 | D:3      | Killed Sigmund
  1965 | D:3      | Reached skill level 1 in Dodging
  1965 | D:3      | Reached XP level 6. HP: 17/47 MP: 6/6
  2182 | D:3      | Noticed an orc warrior
  2189 | D:3      | Reached skill level 1 in Stealth
  2190 | D:3      | Killed an orc warrior
  2190 | D:3      | Reached XP level 7. HP: 30/52 MP: 7/7
  2477 | D:3      | Reached skill level 5 in Armour
  2546 | D:4      | Found an iron altar of Okawaru.
  2559 | D:4      | Became a worshipper of Warmaster Okawaru
  2614 | D:4      | Found a shadowy altar of Dithmenos.
  2621 | D:4      | Killed from afar by an orc priest

Vault maps used:
D:1:      scummos_arrival_checkerplants
D:2:      kennysheep_slug_shrine, lemuel_doored_altar, first_bread
D:3:      uniq_sigmund
D:4:      lemuel_coloured_pillars_altar, overflow_temple_1_default,
          nicolae_dithmenos_shadow_blocks, chequers_temple_overflow_minitemple,
          minmay_liquid_box, okawaru_ov_weapons_minmay

Skill      XL: |  1  2  3  4  5  6  7 |
---------------+----------------------+-----
Shields        | 4 5 |  5.8
Axes           | 3 4 |  4.7
Armour         | 4 5 |  5.0
Dodging        | 1 |  1.8
Stealth        | 1 |  1.0
Fighting       | |  3.6

Action                   |  1- 3 |  4- 6 |  7- 9 || total
-------------------------+-------+-------+-------++-------
Melee: War axe           |    98 |   115 |    38 ||   251
  Use: Potion            |       |     1 |       ||     1
  Eat: Chunk             |       |     5 |     1 ||     6
Armor: Scale mail        |    46 |    60 |    14 ||   120
Dodge: Dodged            |    33 |    38 |     7 ||    78
Block: Shield            |    56 |    71 |    20 ||   147
